Map: 이어 제로 - 래더

Players

Impact - Winner!

  • Race: Zerg Zerg
  • Spawn Location: 1:00

Elazer

  • Race: Zerg Zerg
  • Spawn Location: 11:00

Event: IEM Season 13: Katowice (2019)

VOD

Have the link to the VOD?

Description

Time

  • Played on: Feb. 26, 2019, 10 a.m.
  • Length: 10:54

All games in this series

Show
View Real Time Build Order
Export as new Build Order

Impact Zerg - Winner!

Build Orders: Hatch First 

Get SALT Encoding   

  12  0:00  Drone  
  13  0:12  Overlord  
  13  0:17  Drone  
  14  0:30  Drone  
  14  0:31  Drone  
  14  0:34  Drone  
  17  0:52  Hatchery  
  17  0:55  Drone  
  17  0:58  Drone  
  18  1:06  Drone  
  19  1:11  Extractor  
  19  1:18  Spawning Pool  
  17  1:19  Drone  
  18  1:29  Drone  
  19  1:43  Drone  
  20  1:49  Overlord  
  20  2:01  Drone  
  21  2:04  Queen x2  
  21  2:05  Drone  
  26  2:10  Metabolic Boost  
  26  2:13  Drone  
  26  2:15  Drone  
  28  2:22  Drone  
  29  2:28  Drone  
  30  2:35  Zergling x2  
  31  2:38  Zergling x2, Hatchery  
  31  2:45  Drone, Baneling Nest  
  31  2:50  Drone  
  32  2:53  Drone  
  33  3:02  Overlord  
  33  3:05  Drone  
  34  3:13  Drone x2  
  36  3:20  Spore Crawler  
  36  3:21  Drone  
  36  3:22  Queen, Drone x3  
  36  3:23  Zergling x2  
  36  3:26  Zergling x2  
  44  3:30  Overlord  
  44  3:36  Baneling  
  44  3:39  Evolution Chamber  
  43  3:47  Drone  
  44  3:49  Drone  
  44  3:50  Drone x2  
  44  3:51  Drone  
  44  3:54  Drone  
  49  3:55  Extractor  
  49  4:01  Lair, Drone  
  50  4:02  Drone  
  50  4:03  Drone x3  
  50  4:06  Extractor, Zerg Missile Weapons Level 1  
  50  4:09  Drone  
  53  4:10  Drone  
  53  4:14  Roach Warren  
  53  4:15  Zergling x2  
  53  4:18  Zergling x2  
  53  4:21  Zergling x2  
  53  4:24  Zergling x2  
  56  4:26  Spine Crawler  
  56  4:29  Zergling x2  
  56  4:33  Drone  
  56  4:34  Drone  
  56  4:36  Overlord x2  
  57  4:40  Overlord x2  
  58  4:50  Overlord  
  58  4:54  Drone x7  
  58  4:55  Drone  
  58  4:57  Extractor  
  65  5:00  Roach x2  
  65  5:03  Glial Reconstitution  
  65  5:06  Roach x2  
  73  5:10  Drone  
  73  5:12  Baneling x2  
  74  5:16  Drone  
  74  5:17  Spire  
  74  5:19  Roach  
  76  5:22  Extractor  
  76  5:24  Roach x2  
  76  5:28  Roach  
  80  5:30  Roach  
  80  5:34  Drone  
  80  5:35  Drone x2  
  85  5:36  Drone  
  85  5:37  Roach x2  
  85  5:41  Roach  
  91  5:44  Roach  
  91  5:45  Roach, Overseer  
  95  5:53  Overlord x3  
  95  5:56  Roach  
  97  6:05  Overlord x2  
  99  6:11  Roach x5  
  99  6:13  Ravager  
  99  6:15  Roach  
  99  6:17  Roach  
  99  6:18  Roach  
  112  6:19  Roach  
  112  6:20  Ravager x2  
  112  6:21  Zergling x2  
  112  6:23  Zergling x2  
  117  6:27  Roach x2  
  117  6:30  Roach x2  
  124  6:38  Roach x3  
  124  6:39  Roach  
  122  6:42  Ravager  
  122  6:43  Roach  
  122  6:46  Roach  
  124  6:50  Roach x3  
  124  6:54  Roach x2  
  131  7:08  Drone x3  
  132  7:09  Extractor  
  132  7:14  Drone x2  
  135  7:21  Overlord  
  135  7:22  Overlord x2  
  135  7:30  Zerg Missile Weapons Level 2  
  135  7:36  Overlord x2  
  135  7:38  Hatchery  
  135  7:40  Mutalisk  
  135  7:41  Mutalisk  
  138  7:45  Mutalisk  
  138  7:46  Mutalisk  
  138  7:48  Mutalisk  
  144  7:56  Mutalisk x2  
  148  7:58  Roach  
  148  8:04  Ravager  
  153  8:05  Roach  
  153  8:06  Roach x2  
  153  8:09  Roach x2  
  161  8:16  Roach x2  
  161  8:18  Roach x3  
  155  8:21  Roach  
  155  8:23  Roach  
  132  8:28  Roach  
  132  8:29  Roach  
  132  8:30  Roach x3  
  132  8:33  Roach  
  120  8:38  Roach x3  
  120  8:39  Queen x2  
  120  8:40  Roach  
  122  8:45  Roach x2  
  122  8:48  Roach x2  
  130  8:49  Roach  
  130  8:53  Ravager  
  133  8:58  Roach x3  
  133  8:59  Roach  
  142  9:02  Drone  
  142  9:05  Roach x2  
  146  9:11  Roach  
  146  9:12  Roach  
  146  9:15  Roach  
  146  9:16  Roach x3  
  158  9:18  Roach  
  158  9:22  Roach  
  162  9:26  Roach x2  
  162  9:30  Roach  
  168  9:32  Overlord  
  168  9:33  Overlord  
  168  9:35  Overlord  
  167  9:50  Overlord  
  167  9:52  Roach x6  
  179  9:53  Ravager x2  
  179  9:55  Ravager  
  179  9:56  Ravager x3  
  179  9:58  Ravager  
  188  10:00  Roach  
  188  10:03  Roach  
  188  10:05  Roach  
  188  10:07  Overlord  
  192  10:10  Roach  
  194  10:15  Roach  
  194  10:19  Roach x3  
  194  10:20  Roach  
  194  10:21  Roach  
  192  10:26  Roach x3  
  192  10:27  Roach  
  164  10:30  Roach  
  164  10:33  Roach  
  164  10:34  Roach  
  163  10:36  Ravager  
  163  10:52  Ravager  
Show
View Real Time Build Order
Export as new Build Order

Elazer Zerg 

Build Orders: Hatch First 

Get SALT Encoding   

  12  0:00  Drone  
  13  0:13  Overlord  
  13  0:18  Drone  
  14  0:31  Drone x2  
  16  0:49  Hatchery  
  15  0:53  Drone  
  15  0:56  Drone  
  17  1:10  Spawning Pool  
  16  1:13  Drone  
  16  1:17  Drone  
  18  1:20  Extractor  
  18  1:22  Drone  
  18  1:30  Drone  
  19  1:39  Drone  
  20  1:52  Overlord  
  20  1:56  Queen  
  22  2:01  Queen  
  22  2:03  Drone x2  
  26  2:11  Drone  
  26  2:13  Zergling x2  
  28  2:22  Drone  
  29  2:23  Drone  
  30  2:34  Drone x2  
  32  2:38  Queen  
  32  2:43  Hatchery  
  33  2:48  Overlord  
  33  2:50  Drone  
  34  2:54  Drone  
  34  2:55  Drone  
  36  3:06  Drone x2  
  36  3:08  Roach Warren  
  36  3:10  Drone  
  36  3:11  Drone  
  39  3:15  Overlord  
  39  3:19  Drone x2  
  41  3:24  Drone  
  42  3:29  Overlord  
  42  3:34  Drone  
  42  3:44  Drone  
  42  3:45  Drone x2  
  42  3:46  Drone  
  42  3:48  Roach x2  
  50  3:54  Lair  
  50  3:56  Roach x3  
  50  3:59  Evolution Chamber  
  50  4:00  Extractor  
  50  4:01  Roach  
  50  4:02  Extractor  
  55  4:04  Drone x3  
  55  4:07  Drone  
  59  4:10  Drone x2  
  59  4:15  Overlord  
  59  4:16  Drone  
  59  4:17  Drone  
  63  4:24  Overlord  
  63  4:26  Zerg Missile Weapons Level 1, Drone  
  63  4:29  Drone x2  
  66  4:34  Overlord  
  66  4:35  Drone  
  66  4:36  Drone  
  66  4:37  Drone  
  69  4:41  Overlord  
  69  4:45  Roach x2, Extractor  
  72  4:49  Roach x2  
  76  4:53  Glial Reconstitution  
  76  4:55  Overlord  
  76  4:57  Overseer  
  76  5:06  Overlord  
  76  5:09  Roach  
  76  5:10  Roach x3  
  84  5:16  Overlord  
  84  5:17  Roach x2  
  84  5:21  Roach x2  
  92  5:23  Roach  
  92  5:24  Roach  
  96  5:28  Overlord  
  96  5:29  Roach  
  96  5:32  Overlord  
  96  5:33  Roach  
  100  5:37  Roach x2  
  100  5:40  Roach  
  106  5:45  Overlord  
  106  5:46  Roach  
  106  5:48  Roach  
  110  5:50  Roach  
  110  5:51  Roach  
  110  5:53  Roach  
  116  5:57  Roach x2  
  116  6:01  Roach x2  
  126  6:04  Drone x2  
  126  6:05  Drone  
  126  6:10  Drone x3  
  130  6:13  Overlord  
  130  6:14  Drone  
  131  6:18  Drone x3  
  131  6:22  Zerg Missile Weapons Level 2  
  133  6:26  Overlord  
  133  6:27  Drone  
  133  6:28  Drone  
  133  6:32  Overlord, Drone  
  120  6:44  Extractor  
  120  6:45  Drone x3  
  116  6:48  Ravager  
  116  6:49  Roach x2  
  116  6:54  Hatchery  
  118  6:55  Roach x3  
  118  6:59  Roach x2  
  128  7:03  Extractor  
  128  7:05  Drone x3  
  128  7:07  Roach x3  
  136  7:11  Overlord  
  136  7:12  Roach  
  138  7:16  Roach x2  
  138  7:17  Ravager  
  138  7:18  Ravager  
  138  7:19  Ravager x2  
  138  7:21  Ravager  
  147  7:23  Roach  
  147  7:27  Roach x2  
  153  7:32  Roach  
  153  7:33  Roach x3  
  153  7:35  Overlord  
  161  7:37  Overlord  
  161  7:39  Roach x2  
  161  7:43  Roach x2  
  169  7:47  Overlord  
  169  7:56  Overlord  
  169  7:57  Roach  
  169  7:58  Roach x6  
  183  7:59  Ravager  
  183  8:00  Ravager  
  185  8:11  Hydralisk Den  
  159  8:22  Drone x4  
  159  8:24  Roach x10  
  139  8:36  Roach x4  
  116  8:46  Hydralisk x5  
  120  8:52  Muscular Augments  
  118  8:56  Hydralisk x3  
  124  9:03  Spore Crawler  
  121  9:11  Overlord  
  121  9:12  Extractor  
  121  9:16  Roach x7  
  134  9:20  Drone x3  
  134  9:23  Overlord  
  135  9:26  Hydralisk  
  135  9:29  Roach x2  
  141  9:34  Roach x3  
  141  9:37  Roach x2  
  151  9:43  Roach x3  
  155  9:47  Roach x2  
  155  9:50  Ravager  
  155  9:51  Roach  
  155  9:52  Roach x2  
  166  9:58  Overlord  
  166  10:05  Roach x3  
  172  10:11  Overlord  
  172  10:12  Roach x3  
  178  10:14  Ravager  
  178  10:15  Ravager  
  153  10:27  Roach x8  
  138  10:31  Roach x2  

Tags
 
Add a new tag
Caveats
  • Supply blocks, unpowered buildings, or Contaminate may cause inaccurate times.
  • Supply counts are checked every 10 seconds.